 Dungeon Crawl Stone Soup version 0.17.1-2-g5865329 (webtiles) character file.

5294 Gladdd90 the Frost Mage (level 10, -9/65 HPs)
             Began as a Vampire Ice Elementalist on Jan 14, 2016.
             Was a Follower of Ru.
             Mangled by a blink frog (20 damage)
             ... on level 1 of the Lair of Beasts.
             The game lasted 02:47:50 (16281 turns).

Gladdd90 the Frost Mage (Vampire Ice Elementalist) Turns: 16281, Time: 02:47:50

Health: -9/65      AC:  6    Str:  7    XL:     10   Next: 37%
Magic:  17/22      EV: 11    Int: 20    God:    Ru [*.....]
Gold:   284        SH:  0    Dex: 16    Spells: 6 memorised, 8 levels left

rFire  x . .     SeeInvis +     O - +5 dagger (pierce)
rCold  + . .     Clarity  .     a - +0 robe
rNeg   + . .     SustAt   .     (no shield)
rPois  .         Gourm    .     F - +1 helmet
rElec  .         Spirit   .     s - +0 cloak
rCorr  .         Warding  .     i - +0 pair of gloves
rMut   .         Stasis   .     (no boots)
MR     ++...                    C - amulet of rage
Stlth  ..........               z - ring of protection from magic
                                w - ring of ice

@: very resistant to hostile enchantments, extremely unstealthy
A: fangs 3, see invisible, screaming 1, unbreathing, no stealth
a: Bat Form, Renounce Religion, Evoke Berserk Rage


You were on level 1 of the Lair of Beasts.
You worshipped Ru.
Ru was aware of your devotion.
You were not thirsty.

You visited 3 branches of the dungeon, and saw 12 of its levels.

You collected 644 gold pieces.
You spent 360 gold pieces at shops.

Inventory:

Hand Weapons
 h - the +9 war axe of the Goat {chop, Str+4 Dex+5 Stlth+, unknown}
   (You found it on level 8 of the Dungeon)

   It inflicts extra damage upon your enemies.
   It affects your strength (+4).
   It affects your dexterity (+5).
   It makes you more stealthy.
 m - a +4 hand axe
 p - a +0 club
 t - a +1 shortbow of evasion
 G - a +1 whip of flaming
 M - a +0 short sword
 O - a +5 dagger of piercing (weapon)
 R - a +0 flail of crushing
 V - a +1 whip of flaming
Missiles
 d - 211 stones (quivered)
 e - 15 poisoned bolts
 j - 5 needles of confusion
 l - 4 tomahawks
 o - 16 javelins
 r - 7 javelins of returning
 A - 77 bolts
 K - 117 arrows
 N - 11 sling bullets of flame
Armour
 a - a +0 robe (worn)
 g - a +3 leather armour
 i - a +0 pair of gloves (worn)
 s - a +0 cloak (worn)
 F - a +1 helmet (worn)
 W - a +1 ring mail of fire resistance
 X - a cursed +0 leather armour
Jewellery
 f - an uncursed ring of fire
 q - an uncursed ring of protection from fire
 u - a +3 ring of intelligence
 w - a ring of ice (left hand)
 x - an uncursed ring of invisibility
 z - a ring of protection from magic (right hand)
 C - an amulet of rage (around neck)
 L - an uncursed ring of loudness
Wands
 v - a wand of digging (9)
 I - a wand of magic darts (43)
 Q - a wand of digging (13)
Scrolls
 k - 7 scrolls of remove curse
 D - a scroll of blinking
 H - 4 scrolls of amnesia
 S - 2 scrolls of identify
 T - a scroll of fear
Potions
 c - 12 potions of blood
 n - 2 potions of lignification
 B - a potion of flight
 E - a potion of heal wounds
 J - a potion of curing
 P - a potion of poison
Books
 b - a book of Frost

   Spells                             Type                      Level
   a - Freeze                         Ice                          1
   b - Throw Frost                    Conjuration/Ice              2
   c - Ozocubu's Armour               Charms/Ice                   3
   d - Throw Icicle                   Conjuration/Ice              4
   e - Summon Ice Beast               Ice/Summoning                4
   f - Condensation Shield            Ice                          4
 y - a Necronomicon

   Spells                             Type                      Level
   a - Haunt                          Necromancy/Summoning         7
   b - Borgnjor's Revivification      Necromancy                   8
   c - Death's Door                   Charms/Necromancy            8
   d - Necromutation                  Transmutation/Necromancy     8
Miscellaneous
 U - a plain deck of defence
 Z - a plain deck of summoning


   Skills:
 + Level 1.1 Fighting
 - Level 0.9 Short Blades
 + Level 2.9 Throwing
 * Level 6.7 Dodging
   Level 0.0 Stealth
 * Level 8.7 Spellcasting
 + Level 1.8 Conjurations
 + Level 0.7 Charms
 + Level 0.0 Summonings
 * Level 9.1 Ice Magic


You had 8 spell levels left.
You knew the following spells:

 Your Spells              Type           Power        Failure   Level  Hunger
a - Freeze                Ice            ####         1%          1    None
b - Throw Frost           Conj/Ice       #####.       1%          2    None
c - Ozocubu's Armour      Chrm/Ice       #####...     3%          3    None
d - Condensation Shield   Ice            ######....   1%          4    ###....
e - Throw Icicle          Conj/Ice       #####...     10%         4    ###....
f - Summon Ice Beast      Ice/Summ       #####...     14%         4    ###....


Dungeon Overview and Level Annotations

Branches:
Dungeon (10/15)            Temple (1/1) D:7            Lair (1/8) D:9
    Orc: D:9-12

Altars:
Ashenzari
Cheibriados
Dithmenos
Elyvilon
Fedhas
Gozag
Kikubaaqudgha
Makhleb
Nemelex Xobeh
Okawaru
Qazlal
Ru
Sif Muna
Trog
Vehumet
Xom
Yredelemnul
Zin
The Shining One

Shops:
D:7 }?((

Annotations:
D:6 Duvessa


Innate Abilities, Weirdness & Mutations

You have razor-sharp teeth.
You have supernaturally acute eyesight.
You occasionally shout uncontrollably at your foes.
You can survive without breathing.
You cannot be stealthy.


Message History

The blink frog blinks! x2
The blink frog blinks! x3
The blink frog barely misses you.
The blink frog blinks!
An electric eel comes into view.
The blink frog blinks!
The blink frog begins to attack, but is stunned by your will!
The blink frog blinks! x3
The electric eel shoots out a bolt of lightning at you!
The bolt of electricity hits you!
* * * LOW HITPOINT WARNING * * *
You see here a scale mail.
The blink frog hits you.
* * * LOW HITPOINT WARNING * * *
The electric eel begins to attack, but is stunned by your will!
The blink frog blinks!
The blink frog hits you.
* * * LOW HITPOINT WARNING * * *
There is a staircase back to the Dungeon here.
The blink frog seems to regain its courage.
The blink frog hits you!!
You die...

#### ##...# ≈
##....### ≈≈≈
♣#.......#
≈≈P≈≈♣@F......#
≈PP≈≈;≈F[.....F#
≈≈≈≈≈≈≈##.....t..
≈≈≈≈≈P≈ ##...###F
≈P≈≈P≈# ####
≈P;P≈≈ ..PP.≈
......


You could see 3 blink frogs, a crocodile (fleeing) and 2 electric eels.

Vanquished Creatures
  An unseen horror (D:7)
  Pikel (D:5)
  A manticore (D:7)
  A deep elf fighter (D:9)
  A yak (D:9)
  Edmund (D:6)
  A slave (D:5)
  2 phantoms
  2 sky beasts
  6 ogres
  A crocodile (D:9)
  2 ice beasts (D:5)
  3 centaurs
  4 giant frogs
  4 scorpions
  Dowan (D:6)
  The ghost of Starve the Vexing, a weakling HEAM (D:3)
  2 crimson imps
  A quasit (D:9)
  A giant frog zombie (D:9)
  5 jellies
  An iron imp (D:6)
  A centaur skeleton (D:8)
  A centaur zombie (D:5)
  Ijyb (D:2)
  4 hounds
  7 orc wizards
  4 orc priests
  Jessica (D:2)
  4 worker ants
  5 iguanas
  A hound zombie (D:8)
  A worker ant zombie (D:9)
  Robin (D:2)
  2 gnolls (D:5)
  8 adders
  2 river rats (D:9)
  2 shadow imps
  5 oozes (D:8)
  4 worms
  5 giant geckos
  42 orcs
  26 bats
  16 goblins
  11 hobgoblins
  14 jackals
  6 kobolds
  5 quokkas
  3 ball pythons
  5 giant cockroaches
  2 giant gecko skeletons (D:4)
  3 giant newts
  A jackal skeleton (D:6)
  2 jackal zombies
  2 quokka skeletons
  24 rats
  A fungus (D:9)
265 creatures vanquished.

Vanquished Creatures (collateral kills)
  A yak (D:9)
  A basilisk (D:9)
  A crocodile (D:9)
  A quokka (D:7)
4 creatures vanquished.

Vanquished Creatures (others)
  A slave (D:5)
  A crimson imp (D:5)
  2 worker ants (D:5)
  2 orcs (D:5)
  A giant cockroach (D:5)
  A plant (D:9)
8 creatures vanquished.

Grand Total: 277 creatures vanquished

Notes
Turn   | Place    | Note
--------------------------------------------------------------
     0 | D:1      | Gladdd90 the Vampire Ice Elementalist began the quest for the Orb.
     0 | D:1      | Reached XP level 1. HP: 13/13 MP: 3/3
   465 | D:1      | Reached XP level 2. HP: 19/19 MP: 3/5
   479 | D:1      | Learned a level 2 spell: Throw Frost
  1338 | D:2      | Reached XP level 3. HP: 24/24 MP: 1/6
  1416 | D:2      | Noticed Ijyb
  1470 | D:2      | Killed Ijyb
  1597 | D:2      | Noticed Robin
  1798 | D:2      | Killed Robin
  1798 | D:2      | Reached XP level 4. HP: 26/30 MP: 2/8
  1804 | D:2      | Reached skill level 1 in Conjurations
  1951 | D:2      | Noticed Jessica
  1954 | D:2      | Killed Jessica
  2088 | D:2      | Learned a level 3 spell: Ozocubu's Armour
  2599 | D:2      | Reached skill level 1 in Throwing
  2599 | D:2      | Reached XP level 5. HP: 20/36 MP: 4/9
  3114 | D:3      | Found an opulent altar of Gozag.
  3316 | D:3      | Reached skill level 4 in Ice Magic
  3434 | D:3      | Reached XP level 6. HP: 29/42 MP: 4/11
  3593 | D:3      | Learned a level 4 spell: Condensation Shield
  4126 | D:3      | Noticed Starve's ghost (weakling HEAM)
  4180 | D:3      | Killed Starve's ghost
  4498 | D:3      | Found an iron altar of Okawaru.
  4670 | D:3      | Found a white marble altar of Elyvilon.
  5780 | D:4      | Reached XP level 7. HP: 39/47 MP: 4/13
  6389 | D:4      | Found a stormy altar of Qazlal.
  6760 | D:5      | Entered Level 5 of the Dungeon
  6835 | D:5      | Noticed Pikel
  6888 | D:5      | Killed Pikel
  6888 | D:5      | Reached skill level 5 in Stealth
  6888 | D:5      | Reached skill level 5 in Spellcasting
  6888 | D:5      | Reached skill level 5 in Ice Magic
  6888 | D:5      | Reached XP level 8. HP: 18/53 MP: 0/16
  7325 | D:5      | Reached skill level 6 in Ice Magic
  8167 | D:5      | Found a snail-covered altar of Cheibriados.
  8653 | D:6      | Found a sacrificial altar of Ru.
  8772 | D:6      | Became a worshipper of Ru the Awakened
  8802 | D:6      | Reached skill level 5 in Dodging
  9002 | D:6      | Noticed Dowan
  9006 | D:6      | Killed Dowan
  9216 | D:6      | Found a shattered altar of Ashenzari.
  9329 | D:6      | Reached skill level 7 in Ice Magic
  9329 | D:6      | Reached XP level 9. HP: 58/58 MP: 13/19
  9366 | D:6      | Found a basalt altar of Yredelemnul.
  9553 | D:6      | Noticed Edmund
  9568 | D:6      | Killed Edmund
  9760 | D:6      | Noticed Duvessa
 10153 | D:6      | Found a burning altar of Makhleb.
 10396 | D:7      | Found Gyori's Antique Weapon Boutique.
 10412 | D:7      | Found Roshianta's Magic Scroll Shop.
 10437 | D:7      | Bought a scroll of identify for 30 gold pieces
 10437 | D:7      | Bought a scroll of fear for 52 gold pieces
 10437 | D:7      | Bought a scroll of identify for 30 gold pieces
 10439 | D:7      | Bought a scroll of fear for 52 gold pieces
 10545 | D:7      | Found Guukh's Jewellery Boutique.
 10665 | D:7      | Found Saash's Gadget Emporium.
 10666 | D:7      | Noticed an unseen horror
 10681 | D:7      | Killed an unseen horror
 10805 | D:7      | Bought a plain deck of defence for 196 gold pieces
 10930 | D:7      | Found a staircase to the Ecumenical Temple.
 10932 | D:7      | Noticed a manticore
 10944 | D:7      | Killed a manticore
 10944 | D:7      | Reached skill level 8 in Ice Magic
 11133 | D:7      | Learned a level 4 spell: Throw Icicle
 11138 | D:7      | Learned a level 4 spell: Summon Ice Beast
 11138 | D:7      | Gained mutation: You cannot be stealthy. [Ru sacrifice]
 11152 | Temple   | Entered the Ecumenical Temple
 11275 | D:7      | Found Xuosurew's Weapon Shop.
 11651 | D:7      | Found a glowing golden altar of the Shining One.
 12221 | D:8      | Reached XP level 10. HP: 64/64 MP: 11/22
 12371 | D:8      | Found a sparkling altar of Nemelex Xobeh.
 13204 | D:8      | Got a polished war axe
 14849 | D:9      | Reached skill level 9 in Ice Magic
 14857 | D:9      | Gained mutation: You occasionally shout uncontrollably at your foes. [Ru sacrifice]
 14857 | D:9      | Reached * piety under Ru
 15393 | D:9      | Reached skill level 1 in Fighting
 16187 | D:9      | Found a staircase to the Lair.
 16240 | D:10     | Entered Level 10 of the Dungeon
 16269 | Lair:1   | Entered Level 1 of the Lair of Beasts
 16281 | Lair:1   | Mangled by a blink frog

Action                   |  1- 3 |  4- 6 |  7- 9 | 10-12 || total
-------------------------+-------+-------+-------+-------++-------
Melee: Dagger            |    41 |    81 |    27 |    46 ||   195
       Unarmed           |     1 |       |       |       ||     1
Throw: Stone             |    34 |    82 |    33 |     7 ||   156
       Javelin           |       |       |    38 |     4 ||    42
 Cast: Freeze            |    30 |    59 |   142 |   103 ||   334
       Throw Frost       |    23 |    75 |    93 |    32 ||   223
       Ozocubu's Armour  |       |     1 |     6 |     4 ||    11
       Condensation Shie |       |       |     9 |     7 ||    16
       Throw Icicle      |       |       |     1 |    17 ||    18
       Summon Ice Beast  |       |       |       |     2 ||     2
Invok: Sacrifice Stealth |       |       |     1 |       ||     1
       Sacrifice Purity  |       |       |       |     1 ||     1
 Abil: End Transformatio |       |       |     1 |       ||     1
       Bat Form          |       |       |     1 |       ||     1
  Use: Potion            |     8 |    19 |    25 |    16 ||    68
       Scroll            |     2 |     6 |     6 |     7 ||    21
